 Dungeon Crawl Stone Soup version 0.32-a0-350-g4f4d228785 (webtiles) character file.

Game seed: 17356586542557757205

510 n00bmints the Slasher (level 7, -2/55 HPs)
             Began as a Human Berserker on Feb 17, 2024.
             Was a Follower of Trog.
             Slain by a gnoll sergeant
             ... wielding a +0 spear
              (6 damage)
             ... on level 5 of the Dungeon.
             The game lasted 00:15:37 (4224 turns).

n00bmints the Slasher (Human Berserker)             Turns: 4224, Time: 00:15:40

Health: -2/55      AC:  9    Str: 19    XL:     7   Next: 19%
Magic:  7/7        EV:  8    Int: 14    God:    Trog [*.....]
Gold:   201        SH:  0    Dex: 12    Spells: 6/6 levels left

rFire   . . .        n - +0 rapier
rCold   . . .        (no shield)
rNeg    . . .        i - +0 chain mail
rPois   .            (no helmet)
rElec   .            (no cloak)
rCorr   .            (no gloves)
SInv    .            (no boots)
Will    ++...        (no amulet) Stlth
                     q - ring of flight
HPRegen 1.29/turn    p - +6 ring of intelligence
MPRegen 0.10/turn

%: no passive effects
@: strong-willed, on berserk cooldown, flying, regenerating, slowed, very slow
A: explore regen
a: Renounce Religion, Berserk


You were on level 5 of the Dungeon.
You worshipped Trog.
Trog was aware of your devotion.
You visited 1 branch of the dungeon, and saw 5 of its levels.

You collected 201 gold pieces.

Inventory:

Hand Weapons
 a - a +0 falchion
 n - a +0 rapier (weapon)
 r - a +0 long sword
Missiles
 t - 2 throwing nets (quivered)
Armour
 i - a +0 chain mail (worn)
Jewellery
 p - a +6 ring of intelligence (right hand)
 q - a ring of flight (left hand)
Talismans
 m - a blade talisman
Wands
 k - a wand of roots (7)
Scrolls
 b - a scroll of summoning {unknown}
 c - 3 scrolls of teleportation {unknown}
 d - a scroll of fear {unknown}
 j - a scroll of blinking {unknown}
 l - 2 scrolls of noise {unknown}
 o - 4 scrolls of identify {unknown}
 u - a scroll of vulnerability {unknown}
Potions
 e - 2 potions of degeneration {unknown}
 f - a potion of enlightenment {unknown}
 g - 5 potions of curing {unknown}
 h - a potion of might {unknown}
 s - a potion of attraction {unknown}


   Skills:
 + Level 4.5 Fighting
 + Level 1.8(4.0) Short Blades
 + Level 5.6(5.8) Long Blades
 + Level 3.6 Armour
 + Level 2.7 Dodging
 + Level 0.2 Stealth


You had 6 spell levels left.
You didn't know any spells.
Your spell library was empty.

Dungeon Overview and Level Annotations

Branches:
Dungeon (5/15)
 Temple: D:4-7

Altars:


Innate Abilities, Weirdness & Mutations

You regain HP and MP as you explore.


Message History

The gnoll is moderately wounded.
You hit the gnoll.
The gnoll is severely wounded.
The gnoll hits you with a +0 halberd.
You puncture the gnoll!
You kill the gnoll!
Trog accepts your kill.
You closely miss the gnoll. You closely miss the gnoll.
The gnoll sergeant hits you from afar with a +0 spear!
The gnoll hits you with a +0 flail!
You puncture the gnoll!
The gnoll is almost dead.
The gnoll hits you with a +0 flail.
* * * LOW HITPOINT WARNING * * *
The gnoll sergeant completely misses you.
You barely miss the gnoll.
The gnoll is almost dead.
You hit the gnoll but do no damage.
The gnoll is almost dead.
You are no longer berserk.
You are exhausted.
You feel yourself slow down.
The gnoll sergeant hits you but does no damage.
The gnoll closely misses you.
Your skin crawls.
You feel strong-willed.
You can no longer call upon Trog for regeneration and willpower.
The gnoll hits you with a +0 flail!
* * * LOW HITPOINT WARNING * * *
The gnoll sergeant hits you from afar with a +0 spear.
* * * LOW HITPOINT WARNING * * *
Unknown command.
The gnoll sergeant attacks as it pursues you!
The gnoll sergeant hits you from afar with a +0 spear.
* * * LOW HITPOINT WARNING * * *
The gnoll hits you with a +0 flail.
* * * LOW HITPOINT WARNING * * *
The gnoll sergeant hits you from afar with a +0 spear.
You die...

..................
#..###...........
##.##............
#.............##
##..#g........#
#hg..........##
#g###..........
#g##.........##
#@##.........#
#.##.........#
#.##........<#
#.##.........##..#
#...............#
######.....######
#######


You could see a gnoll sergeant, 2 gnolls and a jackal.

Vanquished Creatures
  A phantom (D:4)
  A kobold brigand (D:4)
  A scorpion (D:4)
  A bombardier beetle (D:4)
  2 jellies (D:4)
  An iguana (D:4)
  2 gnolls (D:5)
  5 adders
  3 dart slugs
  2 ribbon worms
  An orc (D:4)
  6 bats
  An endoplasm (D:3)
  A giant cockroach (D:3)
  7 goblins
  3 hobgoblins
  2 jackals (D:5)
  2 quokkas
  4 ball pythons
  5 frilled lizards
  15 kobolds
  12 rats
78 creatures vanquished.

Vanquished Creatures (others)
  An endoplasm (D:2)
1 creature vanquished.

Grand Total: 79 creatures vanquished

Notes
Turn   | Place    | Note
-------+----------+-------------------------------------------
     0 | D:1      | n00bmints the Human Berserker began the quest for the Orb.
     0 | D:1      | Reached XP level 1. HP: 18/18 MP: 1/1
    53 | D:1      | Reached XP level 2. HP: 13/24 MP: 2/2
   455 | D:1      | Reached XP level 3. HP: 29/29 MP: 3/3
  1123 | D:2      | Reached ** piety under Trog
  1124 | D:2      | Reached XP level 4. HP: 36/37 MP: 4/4
  1607 | D:3      | Reached skill level 4 in Long Blades
  1637 | D:3      | Found a faded altar of an unknown god.
  2296 | D:3      | Reached XP level 5. HP: 33/42 MP: 5/5
  2887 | D:4      | Reached skill level 5 in Long Blades
  2887 | D:4      | Reached XP level 6. HP: 32/48 MP: 6/6
  3357 | D:4      | Reached skill level 1 in Short Blades
  3707 | D:4      | Reached XP level 7. HP: 55/55 MP: 7/7
  4157 | D:5      | Entered Level 5 of the Dungeon
  4224 | D:5      | Slain by a gnoll sergeant

Illustrated notes

Levels and vault maps discovered:
D:1:      dpeg_arrival_subterranean_lakeside_camping, layout_basic
D:2:      layout_rooms
D:3:      minmay_diamond_boxcup, layout_loops_ring,
          shapermc_ecumenical_altar_flowoftime
D:4:      layout_basic, lexackson_kobold_supper
D:5:      layout_rooms

Skill      XL: |  1  2  3  4  5  6 |
---------------+-------------------+-----
Long Blades    | 4 5 |  5.6
Fighting       | 4 |  4.5
Armour         | 3 |  3.6
Short Blades   | 1 |  1.8
Dodging        | |  2.7
Stealth        | |  0.2

Action                     |  1- 3 |  4- 6 |  7- 9 || total
---------------------------+-------+-------+-------++-------
  Melee: Falchion          |   111 |   169 |       ||   280
         Rapier            |       |    52 |   315 ||   367
 Invoke: Berserk           |     1 |     6 |     1 ||     8
         Trog's Hand       |       |     4 |     3 ||     7
 Armour: Scale mail        |   105 |       |       ||   105
         Chain mail        |     1 |   175 |    46 ||   222
  Dodge: Dodged            |    83 |   101 |    22 ||   206

Table legend: (Time is in decaauts)
 A = Elapsed time spent in this place.
 B = Non-inter-level travel time spent in this place.
 C = Inter-level travel time spent in this place.
 D = Time resting spent in this place.
 E = Time spent auto-exploring this place.
 F = Levels seen in this place.
 G = Mean time per level.
                   A        B        C        D        E       F      G
               +--------+--------+--------+--------+--------+-----+--------+
         Total |   4319 |   4194 |    125 |      0 |   1756 |   5 |  863.8 |
       Dungeon |   4319 |   4194 |    125 |      0 |   1756 |   5 |  863.8 |
               +--------+--------+--------+--------+--------+-----+--------+

Top non-repeatable levels by time:
     D:4: 1499 daAuts
     D:3: 1125 daAuts
     D:1: 941 daAuts
     D:2: 693 daAuts
     D:5: 59 daAuts
